 Dungeon Crawl Stone Soup version 0.17-a0-1115-g0372368 (webtiles) character file.

139 Hanyuu the Insei (level 5, -5/33 HPs)
             Began as an Octopode Transmuter on May 24, 2015.
             Slain by a gnoll
             ... wielding a +0 spear
              (8 damage)
             ... on level 2 of the Dungeon.
             The game lasted 00:04:57 (2283 turns).

Hanyuu the Insei (Octopode Transmuter)              Turns: 2283, Time: 00:04:57

Health: -5/33      AC:  1    Str: 10    XL:     5   Next: 22%
Magic:  1/8        EV: 12    Int: 16    God:
Gold:   90         SH:  0    Dex: 12    Spells: 3 memorised, 2 levels left

rFire  . . .     SeeInvis .       - Unarmed
rCold  . . .     Clarity  .     (no shield)
rNeg   . . .     SustAt   .     (helmet restricted)
rPois  .         Gourm    .     (no amulet)
rElec  .         Spirit   .     (no ring)
rCorr  .         Warding  .     (no ring)
rMut   .         Stasis   .     (no ring)
MR     .....                    (no ring)
Stlth  ++........               (no ring)
                                (no ring)
                                (no ring)
                                (no ring)

@: very slightly contaminated, not resistant to hostile enchantments, unstealthy
A: almost no armour, amphibious, 8 rings, constrict 8, camouflage 1, gelatinous
body 1
a: no special abilities


You were on level 2 of the Dungeon.
You were hungry.

You visited 1 branch of the dungeon, and saw 2 of its levels.

You collected 90 gold pieces.

Inventory:

Missiles
 a - 25 arrows
 l - 12 poisoned needles
Scrolls
 e - a scroll of enchant armour {unknown}
 h - a scroll of immolation {unknown}
Potions
 i - a potion of resistance {unknown}
 j - a potion of heal wounds {unknown}
 k - a potion of curing
Books
 b - a book of Changes

   Spells                             Type                      Level
   a - Beastly Appendage              Transmutation                1
   b - Sticks to Snakes               Transmutation                2
   c - Spider Form                    Transmutation/Poison         3
   d - Ice Form                       Ice/Transmutation            4
   e - Blade Hands                    Transmutation                5
Comestibles
 c - 2 bread rations
 d - a meat ration
 f - a royal jelly
 g - 4 fruits


   Skills:
 + Level 1.2 Fighting
 - Level 2.0 Dodging
 * Level 5.6 Unarmed Combat
 - Level 2.0 Spellcasting
 + Level 2.0 Transmutations


You had 2 spell levels left.
You knew the following spells:

 Your Spells              Type           Power        Failure   Level  Hunger
a - Beastly Appendage     Trmt           #.....       10%         1    #......
b - Sticks to Snakes      Trmt           #.........   14%         2    ###....
c - Spider Form           Trmt/Pois      #.........   38%         3    ###....


Dungeon Overview and Level Annotations

Branches:
Dungeon (2/15)

Altars:
Nemelex Xobeh
Zin


Innate Abilities, Weirdness & Mutations

You cannot wear most types of armour.
You are amphibious.
You can wear up to eight rings at the same time.
You can use your tentacles to constrict eight enemies at once.
Your skin changes colour to match your surroundings (Stealth).
Your rubbery body absorbs attacks (AC +1).


Message History

You barely miss the quokka. Your grab misses the quokka. The quokka bites you.
The quokka closely misses you.
You closely miss the quokka. You grab the quokka.
You constrict the quokka, but do no damage.
The gnoll hits you from afar with a spear.
* * * LOW HITPOINT WARNING * * *
The quokka bites you.
* * * LOW HITPOINT WARNING * * *
You tentacle-slap the quokka.
The quokka is lightly wounded.
You constrict the quokka. The quokka barely misses you. The gnoll misses you.
You tentacle-slap the quokka.
The quokka is heavily wounded.
You constrict the quokka, but do no damage.
The quokka closely misses you.
You tentacle-slap the quokka.
You kill the quokka!
The gnoll closely misses you. The gnoll hits you with a spear!
You die...

##...## ...#####.....# ###
#.#............# #..
.#.#............# ####.#
................# #..g..
................# #.....
...........#...##########.....
...........#.@g...............
#....(.......)................
#..........###.......(..รท.....
#..........# #....[(..........
##.#.......# #................
#.......# ############.....
#.......# ###### #######.#
#.#########


You could see a gnoll.

Vanquished Creatures
  A hound (D:1)
  Natasha (D:2)
  3 adders (D:2)
  2 gnolls (D:2)
  2 giant cockroaches
  6 hobgoblins
  4 kobolds
  A quokka (D:2)
  3 bats
  2 giant newts (D:1)
  11 goblins
  4 rats
40 creatures vanquished.

Notes
Turn   | Place    | Note
--------------------------------------------------------------
     0 | D:1      | Hanyuu the Octopode Transmuter began the quest for the Orb.
     0 | D:1      | Reached XP level 1. HP: 13/13 MP: 3/3
   299 | D:1      | Reached XP level 2. HP: 16/18 MP: 5/5
   557 | D:1      | Found a sparkling altar of Nemelex Xobeh.
   922 | D:1      | Reached skill level 4 in Unarmed Combat
   982 | D:1      | Reached XP level 3. HP: 3/23 MP: 6/6
   986 | D:1      | Learned a level 2 spell: Sticks to Snakes
   990 | D:1      | Learned a level 3 spell: Spider Form
  1503 | D:2      | Reached XP level 4. HP: 28/28 MP: 7/7
  1682 | D:2      | Found a glowing silver altar of Zin.
  1831 | D:2      | Reached skill level 5 in Unarmed Combat
  1968 | D:2      | Noticed Natasha
  1979 | D:2      | Killed Natasha
  2230 | D:2      | Reached XP level 5. HP: 21/33 MP: 1/8
  2283 | D:2      | Slain by a gnoll

Vault maps used:
D:1:      onia_arrival_mini_spirals, minivault_5, nemelex_deck
D:2:      lemuel_statue_altar, uniq_natasha

Action                   |  1- 3 |  4- 6 || total
-------------------------+-------+-------++-------
Melee: Unarmed           |    73 |    49 ||   122
 Cast: Beastly Appendage |     1 |       ||     1
       Spider Form       |       |     2 ||     2
  Use: Scroll            |       |     3 ||     3
 Stab: Sleeping          |     1 |     1 ||     2
  Eat: Chunk             |     1 |     3 ||     4
